[Event "Titled Tuesday Blitz February 28 Early 2023"]
[White "Nur, Shahidee Bin Saharan"]
[Black "Khamdamova, Afruza"]
[WhiteFideId "5810973"]
[BlackFideId "14210444"]
[WhiteElo "2757"]
[BlackElo "2210"]
[Result "0-1"]
[Round "03"]
[TimeControl "180+2"]
[Date "2023.02.28"]
[WhiteClock "0:01:34"]
[BlackClock "0:02:00"]

1. b3 d5 2. Bb2 Nf6 3. e3 c5 4. Nf3 Nc6 5. Bb5 Bf5 6. O-O e6 7. Ne5 Rc8 8. c4 Bd6 9. cxd5 exd5 10. d4 O-O 11. Bxc6 bxc6 12. Nd2 Re8 13. Rc1 Qc7 14. Ndf3 Ne4 15. Nh4 Be6 16. f4 f6 17. Nd3 cxd4 18. exd4 Qd7 19. f5 Bf7 20. Qg4 h5 21. Qh3 Ng5 0-1


[Site "https://www.chess.com"]

[Event "Titled Tuesday Blitz February 28 Early 2023"]
[White "Real_OceanStorm"]
[Black "Kalajzic, Ivan"]
[BlackFideId "14506378"]
[WhiteElo "2753"]
[BlackElo "2203"]
[Result "1-0"]
[Round "03"]
[TimeControl "180+2"]
[Date "2023.02.28"]
[WhiteClock "0:01:06"]
[BlackClock "0:00:07"]

1. b3 e5 2. Bb2 Nc6 3. e3 Nf6 4. Nf3 Bd6 5. d4 Qe7 6. d5 Nd8 7. c4 Bb4+ 8. Nbd2 Ne4 9. Bd3 Nxd2 10. Nxd2 d6 11. O-O Bxd2 12. Qxd2 O-O 13. e4 f5 14. f4 fxe4 15. Bxe4 Nf7 16. Qd3 g6 17. Bxg6 hxg6 18. Qxg6+ Kh8 19. Rf3 Rg8 20. Qh5+ Kg7 21. fxe5 dxe5 22. Re1 Kf8 23. Rxe5 Bg4 24. Qh6+ Rg7 25. Rxe7 Bxf3 26. Rxf7+ 1-0


[Site "https://www.chess.com"]

[Event "Titled Tuesday Blitz February 28 Early 2023"]
[White "Baches Garcia, Guillermo"]
[Black "Samunenkov, Ihor"]
[WhiteFideId "2209764"]
[BlackFideId "14187086"]
[WhiteElo "2510"]
[BlackElo "2457"]
[Result "0-1"]
[Round "03"]
[TimeControl "180+2"]
[Date "2023.02.28"]
[WhiteClock "0:00:07"]
[BlackClock "0:00:10"]

1. e4 c5 2. Nf3 Nc6 3. d4 cxd4 4. Nxd4 g6 5. c4 Nf6 6. Nc3 d6 7. Be3 Ng4 8. Nxc6 bxc6 9. Bd2 Qb6 10. Qe2 Qxb2 11. Rb1 Qa3 12. Rb3 Qa6 13. h3 Ne5 14. f4 Nd7 15. h4 h5 16. f5 Bg7 17. Nd1 O-O 18. Bg5 Re8 19. g4 hxg4 20. h5 gxf5 21. h6 Bf6 22. exf5 Ne5 23. Qd2 Bxf5 24. h7+ Kh8 25. Be2 Bg6 26. Bxf6+ exf6 27. Qf4 Re6 28. Rh6 Nd3+ 29. Rxd3 Bxd3 30. Ne3 Rae8 31. Rxf6 Rxe3 32. Rxf7 Rxe2+ 33. Kd1 Qa4+ 0-1


[Site "https://www.chess.com"]

[Event "Titled Tuesday Blitz February 28 Early 2023"]
[White "Trost, Edvin"]
[Black "Kavutskiy, Konstantin"]
[WhiteFideId "1729519"]
[BlackFideId "2026384"]
[WhiteElo "2395"]
[BlackElo "2369"]
[Result "1-0"]
[Round "03"]
[TimeControl "180+2"]
[Date "2023.02.28"]
[WhiteClock "0:01:11"]
[BlackClock "0:00:06"]

1. e4 c5 2. Nf3 Nc6 3. d4 cxd4 4. Nxd4 Nf6 5. Nc3 e5 6. Nde2 Bc5 7. Ng3 d6 8. Be2 h6 9. O-O O-O 10. a3 a6 11. Qd3 b5 12. Be3 Bxe3 13. Qxe3 Nd4 14. Bd3 Ng4 15. Qd2 Be6 16. Nge2 Nxe2+ 17. Bxe2 Nf6 18. Rfd1 Ne8 19. Nd5 Rc8 20. c3 Qh4 21. Bf3 g5 22. Ne3 Rd8 23. a4 bxa4 24. Rxa4 Nf6 25. g3 Qh3 26. Rxa6 Kg7 27. Rxd6 Rxd6 28. Qxd6 Bb3 29. Nf5+ Kg6 30. Qxf8 1-0


[Site "https://www.chess.com"]

[Event "Titled Tuesday Blitz February 28 Early 2023"]
[White "Wagh Suyog"]
[Black "Eswaran, Ashritha"]
[WhiteFideId "25071688"]
[BlackFideId "2080788"]
[WhiteElo "2288"]
[BlackElo "2509"]
[Result "0-1"]
[Round "03"]
[TimeControl "180+2"]
[Date "2023.02.28"]
[WhiteClock "0:00:01"]
[BlackClock "0:00:27"]

1. e4 c5 2. Nf3 Nc6 3. Bb5 g6 4. Bxc6 dxc6 5. d3 Bg7 6. h3 Nf6 7. O-O O-O 8. Nbd2 Ne8 9. a4 a5 10. Nc4 Nc7 11. Rb1 Ne6 12. b3 b5 13. Ne3 Nd4 14. Ng4 h5 15. Ngh2 Qc7 16. Ba3 b4 17. Bb2 Ba6 18. Nxd4 Bxd4 19. Kh1 Bxb2 20. Rxb2 Qe5 21. Rb1 Qf4 22. Qe2 Kg7 23. g3 Qd6 24. f4 f6 25. Rbe1 Rad8 26. e5 Qd5+ 27. Nf3 Bc8 28. Kh2 f5 29. Rd1 Be6 30. Qe3 Rd7 31. Rg1 Rfd8 32. Rd2 Bg8 33. g4 hxg4 34. hxg4 Be6 35. gxf5 Bxf5 36. Nh4 Rh8 37. Kg3 Kf7 38. Nxf5 gxf5 39. Rdg2 Qd4 40. e6+ Kf6 41. Kf2 Qxe3+ 42. Kxe3 Rh3+ 43. Kd2 Kxe6 44. Rg6+ Kd5 45. Re1 Rh2+ 46. Kd1 Rd6 47. Rg3 Kd4 48. Rxe7 Kc3 49. d4+ Kb2 50. Rd3 Rg6 51. dxc5 Rxc2 52. Re1 Rgg2 0-1


[Site "https://www.chess.com"]

[Event "Titled Tuesday Blitz February 28 Early 2023"]
[White "Wagner, Dennis"]
[Black "Toncheva, Nadya"]
[WhiteFideId "24650684"]
[BlackFideId "2924056"]
[WhiteElo "2470"]
[BlackElo "2101"]
[Result "1-0"]
[Round "03"]
[TimeControl "180+2"]
[Date "2023.02.28"]
[WhiteClock "0:01:26"]
[BlackClock "0:00:22"]

1. d4 d5 2. Nf3 Nf6 3. c4 dxc4 4. e3 e6 5. Bxc4 a6 6. O-O c5 7. Bd3 Be7 8. dxc5 Bxc5 9. b3 O-O 10. Bb2 b5 11. Qc2 Nbd7 12. a4 b4 13. Nbd2 Qe7 14. Ne4 h6 15. Rac1 Nxe4 16. Bxe4 Rb8 17. Rfd1 Bb6 18. Ne5 Nxe5 19. Bxe5 Bd7 20. Bd6 Qe8 21. Bxb8 1-0


[Site "https://www.chess.com"]

[Event "Titled Tuesday Blitz February 28 Early 2023"]
[White "Real_taiatai"]
[Black "Aydincelebi, Kagan"]
[BlackFideId "6361102"]
[WhiteElo "2506"]
[BlackElo "2180"]
[Result "1-0"]
[Round "03"]
[TimeControl "180+2"]
[Date "2023.02.28"]
[WhiteClock "0:00:08"]
[BlackClock "0:00:19"]

1. d4 Nf6 2. c4 e6 3. g3 c5 4. d5 exd5 5. cxd5 d6 6. Bg2 g6 7. Nf3 Bg7 8. Nc3 O-O 9. O-O Na6 10. Nd2 Nc7 11. a4 b6 12. Re1 Re8 13. e4 Rb8 14. Nc4 Ba6 15. Na3 Qd7 16. Rb1 b5 17. axb5 Nxb5 18. Naxb5 Bxb5 19. h3 Bc4 20. Bf4 Nh5 21. Be3 Rb4 22. Qd2 Reb8 23. g4 Nf6 24. e5 dxe5 25. Bxc5 Rb3 26. Rxe5 Nxg4 27. Re7 Bxc3 28. Qf4 Qf5 29. Qxf5 gxf5 30. hxg4 Bxb2 31. gxf5 a5 32. d6 Bf6 33. Rxb3 Bxb3 34. Ra7 a4 35. Bc6 Bc2 36. Bxa4 Bxf5 37. Bc6 Rc8 38. Rc7 Rb8 39. Bd5 Kg7 40. Rxf7+ Kg6 41. Rb7 Rc8 42. Be3 Bd3 43. Bf7+ Kf5 44. Rb3 Be4 45. Rb5+ Kg4 46. Be6+ Kf3 47. Bxc8 1-0


[Site "https://www.chess.com"]

[Event "Titled Tuesday Blitz February 28 Early 2023"]
[White "Bettalli, Francesco"]
[Black "Hasangatin, Ramil"]
[WhiteFideId "2816453"]
[BlackFideId "4122160"]
[WhiteElo "2216"]
[BlackElo "2310"]
[Result "0-1"]
[Round "03"]
[TimeControl "180+2"]
[Date "2023.02.28"]
[WhiteClock "0:01:07"]
[BlackClock "0:01:30"]

1. d4 d6 2. Nc3 Nf6 3. e4 e5 4. dxe5 dxe5 5. Qxd8+ Kxd8 6. Bg5 Be6 7. O-O-O+ Nd7 8. Nf3 Bd6 9. Nb5 Ke7 10. Nxd6 cxd6 11. Kb1 h6 12. Bxf6+ Nxf6 13. Bd3 Rac8 14. Rd2 Rhd8 15. Re1 a6 16. c3 b5 17. a3 Nd7 18. Bc2 Nb6 19. Ng1 Nc4 20. Rdd1 g6 21. Ne2 f5 22. Nc1 Kf6 23. g3 fxe4 24. Bxe4 d5 25. Bc2 g5 26. Nd3 e4 27. Nc1 Ne5 28. Re3 Nc4 29. Ree1 Bg4 30. Rd4 Ne5 31. Re3 Nf3 32. Rd1 Be6 33. h4 gxh4 34. gxh4 Nxh4 35. Rh1 Nf5 36. Reh3 Rg8 37. Ne2 Rg2 38. R3h2 Rxh2 39. Rxh2 Rh8 40. Kc1 h5 41. Kd2 h4 42. Nf4 Bf7 43. Bb3 Ke5 44. Ne2 Bh5 45. Nd4 Bg4 46. Nc6+ Kf4 47. Bxd5 h3 48. Nb4 Nh4 49. Kc1 Nf3 50. Rh1 h2 51. Nc2 Bh3 52. Ne3 Rh5 53. Bb3 Rg5 54. Nd5+ Ke5 0-1


[Site "https://www.chess.com"]

[Event "Titled Tuesday Blitz February 28 Early 2023"]
[White "Mirzoev, Azer"]
[Black "Belov, Alexei"]
[WhiteFideId "13400304"]
[BlackFideId "4128206"]
[WhiteElo "2525"]
[BlackElo "2504"]
[Result "1-0"]
[Round "03"]
[TimeControl "180+2"]
[Date "2023.02.28"]
[WhiteClock "0:00:11"]
[BlackClock "0:00:09"]

1. c4 e6 2. Nc3 d5 3. e3 Nf6 4. Nf3 Be7 5. b3 O-O 6. Bb2 c5 7. cxd5 exd5 8. d4 Nc6 9. Be2 Bf5 10. O-O Rc8 11. Rc1 a6 12. dxc5 Qa5 13. Na4 Ne4 14. a3 Rfd8 15. b4 Qc7 16. Nb6 Rb8 17. Nxd5 Qd7 18. Nxe7+ Qxe7 19. Nd4 Bg6 20. Bf3 Ne5 21. Be2 h6 22. f3 Nf6 23. Re1 Nd5 24. Qb3 Nc6 25. Bf1 Kh7 26. Nxc6 bxc6 27. e4 Nc7 28. Qc3 f6 29. Rcd1 a5 30. Rxd8 Qxd8 31. bxa5 Nb5 32. Qe3 Qxa5 33. Rc1 Nc7 34. Qc3 Qa4 35. h3 Ne6 36. Bc4 Nxc5 37. e5 f5 38. e6 Rb7 39. Kh1 f4 40. Qe5 Nd3 41. Bxd3 Bxd3 42. e7 Bg6 43. Qxg7# 1-0


[Site "https://www.chess.com"]

[Event "Titled Tuesday Blitz February 28 Early 2023"]
[White "Nazari, Arad"]
[Black "Eynullayev, Atilla"]
[WhiteFideId "12577324"]
[BlackFideId "13413570"]
[WhiteElo "2242"]
[BlackElo "2181"]
[Result "0-1"]
[Round "03"]
[TimeControl "180+2"]
[Date "2023.02.28"]
[WhiteClock "0:01:17"]
[BlackClock "0:00:28"]

1. e4 c5 2. Nf3 e6 3. b3 Nc6 4. Bb2 a6 5. c4 d6 6. g3 Nf6 7. e5 dxe5 8. Nxe5 Nxe5 9. Bxe5 Bd7 10. Bg2 Qb6 11. O-O Be7 12. d4 cxd4 13. Bxd4 Qc7 14. Nc3 Bc6 15. Qe2 Bxg2 16. Kxg2 O-O 17. Rad1 Qc6+ 18. Qf3 Qc7 19. Rfe1 Rac8 20. Na4 b5 21. Nb6 Rcd8 22. Be3 Bc5 23. Rxd8 Rxd8 24. Na8 Qc8 25. Bxc5 Qxc5 26. cxb5 axb5 27. Qb7 Qd5+ 28. Qxd5 Nxd5 29. Rc1 Rxa8 30. Rc2 b4 31. Kf3 g5 32. Ke4 Kg7 33. Kd4 Kf6 34. Rd2 g4 35. Kc4 h5 36. f3 Rc8+ 37. Kb5 gxf3 38. Rf2 Rc3 39. Ka4 Ke5 40. a3 bxa3 0-1


[Site "https://www.chess.com"]

[Event "Titled Tuesday Blitz February 28 Early 2023"]
[White "Yurasova, Daria"]
[Black "Shuvalova, Polina"]
[WhiteFideId "34146919"]
[BlackFideId "24171760"]
[WhiteElo "2134"]
[BlackElo "2330"]
[Result "1-0"]
[Round "03"]
[TimeControl "180+2"]
[Date "2023.02.28"]
[WhiteClock "0:00:05"]
[BlackClock "0:00:01"]

1. d4 Nf6 2. Bg5 d5 3. Bxf6 gxf6 4. e3 c5 5. dxc5 e5 6. g3 Bxc5 7. Bg2 Be6 8. Ne2 Nc6 9. O-O h5 10. a3 h4 11. b4 Bb6 12. Nbc3 Ne7 13. a4 Qd7 14. a5 Bc7 15. Na4 Bd6 16. c4 dxc4 17. a6 Rb8 18. axb7 hxg3 19. fxg3 Bh3 20. Nc5 Bxc5 21. Qxd7+ Kxd7 22. bxc5 Bxg2 23. Kxg2 f5 24. Rxa7 Kc6 25. Rb1 Nd5 26. h3 Nxe3+ 27. Kf3 Nd5 28. Rd1 e4+ 29. Kf2 Rhd8 30. Nd4+ Kxc5 31. Nxf5 Kc6 32. Ra4 Kxb7 33. Rxc4 Nb6 34. Rxd8 Rxd8 35. Rxe4 Rh8 36. h4 Kc6 37. Re7 Rh7 38. Re2 Nd5 39. Ne3 Nf6 40. Rc2+ Kd6 41. Nf5+ Ke5 42. Ne3 Ne4+ 43. Kf3 f5 44. Ra2 Nd6 45. Ra5+ Ke6 46. Ra6 Ke5 47. Ra5+ Ke6 48. Kf4 Rb7 49. Kg5 Rg7+ 50. Kf4 Rb7 51. Re5+ Kf6 52. Rd5 Rb4+ 53. Kf3 Ke6 54. Ra5 Rb3 55. Ra6 Ke7 56. Kf4 1-0


[Site "https://www.chess.com"]

[Event "Titled Tuesday Blitz February 28 Early 2023"]
[White "Degenbaev, Aziz"]
[Black "Karthik Rajaa"]
[WhiteFideId "13802640"]
[BlackFideId "25035215"]
[WhiteElo "2152"]
[BlackElo "2215"]
[Result "1-0"]
[Round "03"]
[TimeControl "180+2"]
[Date "2023.02.28"]
[WhiteClock "0:00:14"]
[BlackClock "0:00:33"]

1. e4 c6 2. d4 d5 3. e5 Bf5 4. Nd2 e6 5. Nb3 Nd7 6. Nf3 h6 7. Be2 a6 8. O-O c5 9. dxc5 Bxc5 10. Nxc5 Nxc5 11. Be3 Nd7 12. Nd4 Ne7 13. f4 Be4 14. Bf3 O-O 15. Bxe4 dxe4 16. Qg4 Qc7 17. Rad1 Nb6 18. Nxe6 fxe6 19. Qxe6+ Rf7 20. Bxb6 Qxc2 21. h3 Qxb2 22. f5 Nc6 23. Rd7 Qxb6+ 24. Kh2 Rf8 25. f6 g6 26. Rxf7 Rxf7 27. Qe8+ Rf8 28. Qxg6+ 1-0


[Site "https://www.chess.com"]

[Event "Titled Tuesday Blitz February 28 Early 2023"]
[White "Berkes, Ferenc"]
[Black "Dehtiarov, Roman"]
[WhiteFideId "718572"]
[BlackFideId "14186640"]
[WhiteElo "2664"]
[BlackElo "2162"]
[Result "1-0"]
[Round "03"]
[TimeControl "180+2"]
[Date "2023.02.28"]
[WhiteClock "0:00:11"]
[BlackClock "0:00:05"]

1. e4 e5 2. f4 Nc6 3. Nf3 d5 4. exd5 Qxd5 5. Nc3 Qd8 6. fxe5 Bg4 7. Be2 Bc5 8. d4 Bxf3 9. dxc5 Qxd1+ 10. Bxd1 Bxd1 11. Nxd1 Nge7 12. O-O Ng6 13. Nf2 Ngxe5 14. Bf4 O-O 15. Rfe1 f6 16. Rad1 Rad8 17. c3 a5 18. a4 Nc4 19. Bxc7 Rc8 20. Bd6 Rfe8 21. Nd3 Kf7 22. b3 Rxe1+ 23. Nxe1 N4e5 24. Nf3 Nxf3+ 25. gxf3 Rd8 26. b4 axb4 27. cxb4 Ne5 28. Rc1 Nxf3+ 29. Kf2 Nd4 30. a5 Nc6 31. Rb1 Nd4 32. b5 Ra8 33. a6 Ra7 34. Rb4 Nc2 35. Rc4 Na3 36. Rb4 Nc2 37. Rb2 Nd4 38. c6 b6 39. Bb8 Ra8 40. a7 Nf5 41. c7 Ne7 42. Rd2 Ke6 43. Re2+ Kd7 44. Rxe7+ Kc8 45. Re8+ Kd7 46. c8=Q# 1-0


[Site "https://www.chess.com"]

[Event "Titled Tuesday Blitz February 28 Early 2023"]
[White "Rosen, Eric"]
[Black "Ronka, Erik"]
[WhiteFideId "2032562"]
[BlackFideId "505080"]
[WhiteElo "2359"]
[BlackElo "2264"]
[Result "0-1"]
[Round "03"]
[TimeControl "180+2"]
[Date "2023.02.28"]
[WhiteClock "0:00:07"]
[BlackClock "0:00:12"]

1. d4 d5 2. Bf4 c5 3. Nc3 Nf6 4. e4 Nxe4 5. Nxe4 dxe4 6. dxc5 Qxd1+ 7. Rxd1 Nc6 8. Be3 e5 9. f3 exf3 10. Nxf3 Bd7 11. Bb5 f6 12. O-O O-O-O 13. c3 Kc7 14. b4 Nb8 15. Bc4 Be7 16. Nd2 Ba4 17. Rde1 a5 18. b5 Nd7 19. Ne4 Bc2 20. Nd6 Bxd6 21. b6+ Kb8 22. cxd6 Ba4 23. Rd1 Bxd1 24. Rxd1 Rc8 25. Be6 Rhd8 26. c4 Rc6 27. Bxd7 Rxd7 28. c5 Kc8 29. Kf2 Kd8 30. Kf3 Ke8 31. Ke4 Kf7 32. Kd5 Rd8 33. Rd3 Ra8 34. a4 Rd8 35. Bd2 Re8 36. Bc3 Rec8 37. Bd4 exd4 38. d7 Rd8 39. Kc4 Rxd7 40. Kb5 Rd5 41. Kxa5 Rdxc5+ 42. Kb4 Rd5 43. a5 Rcc5 44. Rxd4 Rxd4+ 45. Kxc5 Ra4 46. Kb5 Ra1 47. g3 Ke6 48. h3 Kd6 49. h4 Kd5 50. h5 g6 51. g4 gxh5 52. gxh5 f5 53. a6 Rxa6 54. Kb4 f4 55. Kc3 Rxb6 56. Kd2 Rh6 57. Ke2 Rxh5 58. Kf2 Re5 59. Kf3 b5 0-1


[Site "https://www.chess.com"]

[Event "Titled Tuesday Blitz February 28 Early 2023"]
[White "Kuzmin, Roman"]
[Black "Barrientos, Sergio E"]
[WhiteFideId "44134932"]
[BlackFideId "4401824"]
[WhiteElo "2146"]
[BlackElo "2408"]
[Result "0-1"]
[Round "03"]
[TimeControl "180+2"]
[Date "2023.02.28"]
[WhiteClock "0:00:01"]
[BlackClock "0:01:06"]

1. e4 e5 2. Nf3 Nf6 3. Nxe5 d6 4. Nf3 Nxe4 5. d4 d5 6. Bd3 Bd6 7. O-O O-O 8. c4 c6 9. Re1 Bf5 10. Qb3 Qd7 11. Nh4 Be6 12. Nc3 Nxc3 13. bxc3 Na6 14. c5 Be7 15. Nf3 Qc8 16. Qc2 h6 17. Bf4 Nc7 18. Re2 Re8 19. Rae1 Bf8 20. Bxc7 Qxc7 21. Bf5 Bxf5 22. Qxf5 Rxe2 23. Rxe2 b6 24. cxb6 axb6 25. Ne5 Re8 26. Qf3 Re6 27. Nd3 Qe7 28. Rxe6 Qxe6 29. Qe3 Qf5 30. h3 Kh7 31. Qd2 Bd6 32. g3 Qxh3 33. Qe3 Qf5 34. Kg2 Qe4+ 35. Qxe4+ dxe4 36. Nc1 f5 37. Kf1 g5 38. Ke2 f4 39. gxf4 gxf4 40. Nb3 h5 41. c4 h4 42. c5 bxc5 43. dxc5 Be5 44. a4 h3 45. Kf1 f3 46. Kg1 h2+ 47. Kh1 e3 48. fxe3 f2 49. Nd2 Bc7 50. Nf1 Kg6 51. a5 Bxa5 52. Kxh2 Kf5 53. Kg2 Be1 54. Kf3 Ke5 55. Ke2 Kd5 56. Kd3 Kxc5 57. Ke2 Kc4 58. Kd1 Kd3 59. e4 Kxe4 60. Ke2 c5 61. Ng3+ Kd4 62. Nf5+ Kd5 63. Ne3+ Ke4 64. Nc2 c4 65. Na3 Kd4 66. Nb5+ Kc5 67. Na3 Kb4 68. Nc2+ Kb3 69. Nd4+ Kb2 70. Nb5 c3 71. Nd4 c2 0-1


[Site "https://www.chess.com"]

[Event "Titled Tuesday Blitz February 28 Early 2023"]
[White "Manukyan, Sargis V."]
[Black "Melikyan, Gnel"]
[WhiteFideId "13303465"]
[BlackFideId "54109990"]
[WhiteElo "2236"]
[BlackElo "2138"]
[Result "1-0"]
[Round "03"]
[TimeControl "180+2"]
[Date "2023.02.28"]
[WhiteClock "0:01:02"]
[BlackClock "0:00:33"]

1. d4 d6 2. Nf3 Nf6 3. c3 Nc6 4. Bg5 h6 5. Bxf6 exf6 6. Nbd2 f5 7. e3 Be7 8. Bd3 O-O 9. Qc2 g6 10. h4 h5 11. O-O-O Re8 12. e4 fxe4 13. Bxe4 Kg7 14. Rde1 Bd7 15. Nf1 Bf6 16. Ne3 Rb8 17. Nd5 Be6 18. Nf4 Ne7 19. Ng5 Bf5 20. Bxf5 Nxf5 21. Nxh5+ Kf8 22. Nh7+ 1-0


[Site "https://www.chess.com"]

[Event "Titled Tuesday Blitz February 28 Early 2023"]
[White "Md, Imran"]
[Black "Valgmae, Toomas"]
[WhiteFideId "25748580"]
[BlackFideId "4502523"]
[WhiteElo "2217"]
[BlackElo "2170"]
[Result "1-0"]
[Round "03"]
[TimeControl "180+2"]
[Date "2023.02.28"]
[WhiteClock "0:00:21"]
[BlackClock "0:00:24"]

1. d4 d5 2. Bf4 c6 3. Nf3 Qb6 4. Qc1 Bg4 5. Nbd2 e6 6. e3 Nf6 7. Ne5 Bf5 8. c4 Nbd7 9. c5 Qd8 10. Be2 Nxe5 11. Bxe5 Be7 12. h4 O-O 13. Bxf6 Bxf6 14. g4 Bg6 15. h5 Be4 16. f3 e5 17. dxe5 Bxe5 18. fxe4 Bg3+ 19. Kd1 dxe4 20. Qc4 b5 21. Qxe4 Re8 22. Qf3 Be5 23. Kc2 Qe7 24. Raf1 Qxc5+ 25. Kb1 Re7 26. Qf5 Qxe3 27. Qd3 Qxd3+ 28. Bxd3 Rd8 29. Kc2 Red7 30. Rf3 Bxb2 31. Ne4 Be5 32. h6 g6 33. Rhf1 a6 34. Be2 c5 35. Rd3 c4 36. Rxd7 Rxd7 37. Nf6+ Bxf6 38. Rxf6 Ra7 39. Bf3 Kf8 40. Rb6 Ke7 41. Rb7+ Rxb7 42. Bxb7 a5 43. Ba6 b4 44. Bxc4 Kf6 45. Kb3 Kg5 46. Bxf7 Kxh6 47. Ka4 Kg5 48. Kxa5 Kxg4 49. Kxb4 1-0


[Site "https://www.chess.com"]

[Event "Titled Tuesday Blitz February 28 Early 2023"]
[White "Primbetov, Kazbek"]
[Black "Vaibhav Jayant Raut"]
[WhiteFideId "13702297"]
[BlackFideId "5089034"]
[WhiteElo "2097"]
[BlackElo "2156"]
[Result "0-1"]
[Round "03"]
[TimeControl "180+2"]
[Date "2023.02.28"]
[WhiteClock "0:00:07"]
[BlackClock "0:00:02"]

1. e4 c5 2. Nf3 d6 3. d4 cxd4 4. Nxd4 Nf6 5. Nc3 Nc6 6. Bc4 Bd7 7. O-O e6 8. Bb3 Be7 9. Be3 O-O 10. f4 Rc8 11. f5 e5 12. Nde2 Ng4 13. Bf2 Nxf2 14. Rxf2 Bg5 15. Nd5 Na5 16. Nec3 b5 17. Rf3 b4 18. Ne2 Nxb3 19. axb3 Bc6 20. c4 bxc3 21. Nexc3 Bxd5 22. Nxd5 f6 23. Rc3 Qd7 24. Qc2 Rxc3 25. bxc3 Rb8 26. c4 Qb7 27. b4 Rc8 28. c5 Kh8 29. Qa4 dxc5 30. bxc5 Qb2 31. Qxa7 Qd4+ 32. Kh1 h5 33. c6 Rxc6 34. Qxd4 exd4 35. Rd1 d3 36. g3 d2 37. Nf4 Bxf4 38. gxf4 Rc1 0-1


[Site "https://www.chess.com"]

[Event "Titled Tuesday Blitz February 28 Early 2023"]
[White "Belozerov, Andrei"]
[Black "Ramirez Allo, Eduardo"]
[WhiteFideId "4120213"]
[BlackFideId "2224178"]
[WhiteElo "2360"]
[BlackElo "2473"]
[Result "1-0"]
[Round "03"]
[TimeControl "180+2"]
[Date "2023.02.28"]
[WhiteClock "0:00:48"]
[BlackClock "0:00:06"]

1. e4 c5 2. Nf3 d6 3. Bb5+ Nd7 4. a4 Nf6 5. Nc3 e6 6. d4 cxd4 7. Qxd4 Be7 8. O-O O-O 9. Rd1 a6 10. Bf1 b6 11. Nd2 Bb7 12. Nc4 Qc7 13. Nxd6 Bc6 14. e5 Nd5 15. Nxd5 Bxd5 16. c4 Bc6 17. Bf4 Rad8 18. Qe3 a5 19. b3 Nc5 20. Rd2 Rd7 21. Rad1 Rfd8 22. f3 h6 23. Rd4 Bf8 24. R1d2 Nb7 25. Qd3 Nc5 26. Qc3 Na6 27. Be2 Nc5 28. Bd1 Nb7 29. Bc2 Nxd6 30. exd6 Bxd6 31. Rxd6 Rxd6 32. Rxd6 Rxd6 33. Qe5 Bxa4 34. Qxd6 Qxd6 35. Bxd6 Bc6 36. Bc7 b5 37. cxb5 Bxb5 38. Bxa5 Bd3 39. Bxd3 1-0


[Site "https://www.chess.com"]

[Event "Titled Tuesday Blitz February 28 Early 2023"]
[White "Vivas Zamora, Fabian Ernesto"]
[Black "Gauri, Shankar"]
[WhiteFideId "3902480"]
[BlackFideId "5041350"]
[WhiteElo "2262"]
[BlackElo "2240"]
[Result "0-1"]
[Round "03"]
[TimeControl "180+2"]
[Date "2023.02.28"]
[WhiteClock "0:00:02"]
[BlackClock "0:00:19"]

1. c4 e5 2. Nc3 Bb4 3. Nd5 Bc5 4. Nf3 c6 5. Nc3 d6 6. e3 Nf6 7. d4 exd4 8. exd4 Bb6 9. h3 O-O 10. Be2 Re8 11. O-O a5 12. Bf4 Bf5 13. Bd3 Bg6 14. Bxg6 hxg6 15. Qb3 Ra6 16. Na4 Re4 17. Bxd6 Qxd6 18. Nxb6 Qb4 19. Na4 Nbd7 20. Rfe1 b5 21. Nc3 Rxe1+ 22. Rxe1 bxc4 23. Qc2 Rb6 24. Na4 Rb8 25. Rc1 Nb6 26. Nxb6 Qxb6 27. Qxc4 Qxb2 28. Ne5 Nd5 29. Nxc6 Re8 30. Ne5 Re7 31. Kh2 Qxf2 32. Qxd5 Qf4+ 33. g3 Qd2+ 34. Qg2 Qxc1 35. Qa8+ Kh7 36. Qe4 Qb2+ 37. Kg1 Qa1+ 38. Kf2 Qxa2+ 39. Kg1 Qe6 40. Qh4+ Kg8 41. Qe4 f6 42. Qa8+ Re8 0-1


[Site "https://www.chess.com"]

[Event "Titled Tuesday Blitz February 28 Early 2023"]
[White "Sadubayev, Airat"]
[Black "Mohammed, Dilshad"]
[WhiteFideId "13713264"]
[BlackFideId "5050421"]
[WhiteElo "2101"]
[BlackElo "2102"]
[Result "1-0"]
[Round "03"]
[TimeControl "180+2"]
[Date "2023.02.28"]
[WhiteClock "0:00:43"]
[BlackClock "0:00:08"]

1. d4 d5 2. c4 e6 3. Nf3 Nf6 4. g3 c5 5. cxd5 exd5 6. Nc3 Nc6 7. Bg2 Be7 8. dxc5 O-O 9. O-O h6 10. Be3 Be6 11. Rc1 Ng4 12. Bd4 Rc8 13. h3 Nf6 14. e3 Na5 15. b4 Nc4 16. Ne5 b6 17. Nxc4 dxc4 18. cxb6 axb6 19. a3 Qd7 20. Bxb6 Bxh3 21. Qxd7 Bxd7 22. Rfd1 Bg4 23. Rd2 h5 24. Bd4 Be6 25. Ne4 Nd5 26. Nc5 Bxc5 27. Bxc5 Rfd8 28. Rdc2 Nc7 29. Bf1 Nb5 30. a4 Nc7 31. Bxc4 Bxc4 32. Rxc4 Ne6 33. a5 Rd2 34. R4c2 Rd3 35. Bd4 Rb3 36. Rxc8+ 1-0


[Site "https://www.chess.com"]

[Event "Titled Tuesday Blitz February 28 Early 2023"]
[White "Averjanov, Alexey"]
[Black "Rottenwohrer Suarez, Juan"]
[WhiteFideId "14109867"]
[BlackFideId "32068182"]
[WhiteElo "2650"]
[BlackElo "2174"]
[Result "1-0"]
[Round "03"]
[TimeControl "180+2"]
[Date "2023.02.28"]
[WhiteClock "0:01:09"]
[BlackClock "0:00:01"]

1. d4 Nf6 2. c4 g6 3. Nc3 Bg7 4. e4 d6 5. Be2 c6 6. Nf3 a6 7. a4 a5 8. O-O O-O 9. b3 e5 10. Bb2 exd4 11. Nxd4 Re8 12. Qc2 Na6 13. Rad1 Nc5 14. f3 Qb6 15. Kh1 Nh5 16. Ba1 Bxd4 17. Rxd4 Nxb3 18. Rxd6 Nxa1 19. Rxa1 Be6 20. Rb1 Qc5 21. Rd2 Re7 22. Bf1 Nf4 23. Nd1 Rd7 24. Rxd7 Bxd7 25. Qd2 Qg5 26. Qxd7 Rd8 27. Qg4 Qf6 28. Ne3 h5 29. Qg3 Rd2 30. Rxb7 h4 31. Qg4 Rf2 32. Rb8+ Kg7 33. Qc8 Kh7 1-0


[Site "https://www.chess.com"]

[Event "Titled Tuesday Blitz February 28 Early 2023"]
[White "Vagman, Roy"]
[Black "Skvortsov, Andrei"]
[WhiteFideId "2828995"]
[BlackFideId "24108600"]
[WhiteElo "2188"]
[BlackElo "2259"]
[Result "1-0"]
[Round "03"]
[TimeControl "180+2"]
[Date "2023.02.28"]
[WhiteClock "0:00:05"]
[BlackClock "0:00:08"]

1. e4 d5 2. exd5 Qxd5 3. Nc3 Qe5+ 4. Be2 Bg4 5. d4 Bxe2 6. Ngxe2 Qa5 7. O-O Nf6 8. a3 e6 9. Bf4 Nc6 10. b4 Qh5 11. Ng3 Qxd1 12. Raxd1 O-O-O 13. Nb5 a6 14. Nxc7 Bd6 15. Bxd6 Rxd6 16. Na8 Ne7 17. c4 Rhd8 18. c5 Rxd4 19. Nb6+ Kb8 20. Rxd4 Rxd4 21. h3 Nc6 22. Rb1 Rd3 23. a4 Nd5 24. b5 axb5 25. axb5 Ne5 26. Nxd5 Rxd5 27. c6 bxc6 28. f4 Ng6 29. bxc6+ Kc8 30. Rb4 h5 31. Ne2 Rc5 32. Rb7 Nh8 33. Nd4 Rxc6 34. Re7 Rd6 35. Nb5 Rd7 36. Re8+ Rd8 37. Re7 Rd1+ 38. Kf2 Rd7 39. Re8+ Rd8 40. Re7 h4 41. Na7+ Kb8 42. Nc6+ Kc8 43. Nxd8 Kxd8 44. Ra7 Ng6 45. Rxf7 Ke8 46. Rxg7 Nxf4 47. Rg4 Nd3+ 48. Ke3 Nc5 49. Rxh4 Kf7 50. Rc4 Na6 51. g4 Nb8 52. Kf4 Kf6 53. g5+ Kg6 54. Kg4 Nd7 55. Re4 Nf8 56. h4 Kf7 57. h5 Nd7 58. Rf4+ Kg7 59. g6 Nf6+ 60. Kg5 Ng8 61. Rf7+ Kh8 62. Rh7# 1-0


[Site "https://www.chess.com"]